 Dungeon Crawl Stone Soup version 0.31-a0-640-g39d97e502b (webtiles) character file.

Game seed: 12989887830359534229

84 qw the Shooter (level 4, -3/28 HPs)
             Began as a Gargoyle Hunter on Aug 27, 2023.
             Slain by a gnoll
             ... wielding a +0 halberd
              (5 damage)
             ... on level 3 of the Dungeon.
             The game lasted 00:00:35 (1866 turns).

qw the Shooter (Gargoyle Hunter)                    Turns: 1866, Time: 00:00:35

Health: -3/28      AC:  9    Str: 15      XL:     4   Next: 46%
Magic:  4/4        EV: 10    Int:  9      God:
Gold:   69         SH:  0    Dex: 13 (15) Spells: 3/3 levels left

rFire   + . .        g - +0 shortbow (heavy)
rCold   . . .        (shield currently unavailable)
rNeg    + . .        b - +0 ring mail
rPois   inf          (no helmet)
rElec   +            (no cloak)
rCorr   .            (no gloves)
SInv    +            m - +0 pair of boots
Will    .....        e - amulet of faith
Stlth   +            h - ring of see invisible
HPRegen 0.24/turn    (no ring)
MPRegen 0.09/turn

%: faith
@: no status effects
A: sickness immunity, AC +3, negative energy resistance 1, electricity
resistance, torment resistance 1, petrification resistance, deterioration 1,
fire resistance 1
a: no special abilities


You were on level 3 of the Dungeon.
You visited 1 branch of the dungeon, and saw 3 of its levels.

You collected 69 gold pieces.


Innate Abilities, Weirdness & Mutations

You are immune to sickness and miasma.
Your stone body is resilient. (AC +3)
You are immune to poison.
You resist negative energy. (rN+)
You are resistant to electric shocks. (rElec)
You are resistant to unholy torment.
You are immune to petrification.
Your body sometimes deteriorates upon taking damage.
Your flesh is heat resistant. (rF+)


   Skills:
 - Level 3.0 Fighting
 + Level 5.2 Ranged Weapons
 - Level 1.3 Armour
 - Level 1.5 Dodging
 - Level 1.1 Stealth


You had 3 spell levels left.
You didn't know any spells.
Your spell library was empty.

Inventory:

Hand Weapons
 g - a +0 heavy shortbow (weapon)
Armour
 b - a +0 ring mail (worn)
 m - a +0 pair of boots (worn)
Jewellery
 e - an amulet of faith (around neck)
 h - a ring of see invisible (left hand)
Scrolls
 a - a scroll of identify
 k - 2 scrolls of brand weapon
Potions
 c - a potion of heal wounds {unknown}
 d - a potion of lignification {unknown}
 f - a potion of might
 i - a potion of mutation
 j - a potion of brilliance {unknown}
 n - a potion of attraction {unknown}

Dungeon Overview and Level Annotations

Branches:
Dungeon (3/15)

Altars:

Shops:
D:2 (


Message History

Enter note:
1858 ||| Stepping ~*~*~tactically~*~*~ (retreating).
You shoot an arrow. The arrow hits the gnoll.
The gnoll is lightly wounded.
The gnoll barely misses you. The gnoll hits you but does no damage.
The gnoll hits you from afar with a +0 halberd!
Your body deteriorates!
You feel clumsy.
Enter note:
Enter note:
1860 ||| Stepping ~*~*~tactically~*~*~ (retreating).
An orc comes into view. It is wielding a +0 mace.
The orc shouts!
The gnoll barely misses you. The gnoll hits you with a +0 halberd.
Enter note:
1861 ||| Stepping ~*~*~tactically~*~*~ (retreating).
The gnoll hits you from afar with a +0 halberd.
Enter note:
1862 ||| Stepping ~*~*~tactically~*~*~ (retreating).
An orc comes into view. It is wielding a +0 flail.
The gnoll barely misses you. The frilled lizard closely misses you.
The gnoll closely misses you.
Enter note:
Enter note:
1863 ||| Stepping ~*~*~tactically~*~*~ (retreating).
The gnoll attacks as it pursues you!
The gnoll hits you from afar with a +0 halberd.
Enter note:
1864 ||| Stepping ~*~*~tactically~*~*~ (retreating).
The orc shouts!
You hear an angry hiss.
The gnoll barely misses you.
The frilled lizard bites you but does no damage.
The gnoll hits you from afar with a +0 halberd!
Enter note:
1865 ||| Stepping ~*~*~tactically~*~*~ (retreating).
The gnoll attacks as it pursues you! The gnoll closely misses you.
Enter note:
Enter note:
1866 ||| Stepping ~*~*~tactically~*~*~ (retreating).
The gnoll hits you from afar with a +0 halberd. x2
You die...

#.........###................#
.............................#
.............................#
.....................>........
........##....................
.......).###.#.###....)#......
.....#.....g.#.###.)...#......
.......#...o.#..###..#.#%.....
........#).gl@#.###..#........
...........#.....###.##.......
.....##.o#..##.......<........
....#..o.... ..#....#)##.####
.S.......#...#........##.#
..###...##.###.[........ ..
#.#. #..#........ #.##
#........... #.............


You could see 2 gnolls, 3 orcs and a frilled lizard.

Vanquished Creatures
  3 adders
  A gnoll (D:3)
  2 worms
  3 dart slugs
  An orc (D:3)
  2 endoplasms
  2 giant cockroaches
  4 goblins
  2 hobgoblins (D:2)
  4 kobolds
  2 ball pythons (D:1)
  A bat (D:2)
  13 rats
40 creatures vanquished.

Notes
Turn   | Place    | Note
-------+----------+-------------------------------------------
     0 | D:1      | qw the Gargoyle Hunter began the quest for the Orb.
     0 | D:1      | Reached XP level 1. HP: 12/12 MP: 1/1
     0 | D:1      | 0 ||| qw: Version: 0.3-a-74-g0d5e918
     0 | D:1      | 0 ||| qw: Game counter: 160
     0 | D:1      | 0 ||| qw: Melee chars always use a shield: true
     0 | D:1      | 0 ||| qw: God list: Okawaru
     0 | D:1      | 0 ||| qw: Allow faded altars: false
     0 | D:1      | 0 ||| qw: Do Orc after clearing Dungeon:15 true
     0 | D:1      | 0 ||| qw: Do second Lair branch before Depths: true
     0 | D:1      | 0 ||| qw: Lair rune preference: random
     0 | D:1      | 0 ||| qw: Goals: Normal
     0 | D:1      | 0 ||| PLANNING D:1-11
   163 | D:1      | Reached XP level 2. HP: 17/17 MP: 2/2
   894 | D:1      | 894 ||| UPGRADING to amulet of faith.
   899 | D:1      | 899 ||| UPGRADING to ring of see invisible.
   900 | D:1      | 900 ||| READING 3 scrolls labelled TOAMANL SERPH.
   901 | D:1      | 901 ||| READING scroll labelled QEINIKEGAP.
   902 | D:1      | 902 ||| READING 3 scrolls labelled JADORE KIDGH.
   903 | D:1      | 903 ||| READING 2 scrolls of identify.
   903 | D:1      | 903 ||| IDENTIFYING purple potion
   904 | D:1      | 904 ||| DROPPING scroll of butterflies.
   979 | D:2      | Reached XP level 3. HP: 21/21 MP: 3/3
  1010 | D:2      | 1010 ||| DROPPING +2 sling of freezing.
  1067 | D:2      | Found Avem's Antique Weapon Emporium.
  1069 | D:2      | Reached skill level 5 in Ranged Weapons
  1553 | D:2      | Reached skill level 3 in Fighting
  1662 | D:2      | 1662 ||| UPGRADING to +0 ring mail.
  1672 | D:2      | 1672 ||| DROPPING +0 leather armour.
  1673 | D:2      | 1673 ||| UPGRADING to +0 pair of boots.
  1678 | D:2      | 1678 ||| READING scroll labelled DAEMIW TADAUSI.
  1681 | D:2      | 1681 ||| READING scroll labelled SOUVUD LIGU.
  1682 | D:2      | 1682 ||| DRINKING 2 metallic coppery potions.
  1682 | D:2      | Gained mutation: Your flesh is heat resistant. (rF+)
                  | [potion of mutation]
  1682 | D:2      | Gained mutation: Your body sometimes deteriorates upon
                  | taking damage. [potion of mutation]
  1724 | D:3      | Reached XP level 4. HP: 28/28 MP: 4/4
  1775 | D:3      | Reached skill level 1 in Armour
  1857 | D:3      | 1857 ||| RETREATING.
  1858 | D:3      | 1858 ||| Stepping ~*~*~tactically~*~*~ (retreating).
  1860 | D:3      | 1860 ||| Stepping ~*~*~tactically~*~*~ (retreating).
  1861 | D:3      | 1861 ||| Stepping ~*~*~tactically~*~*~ (retreating).
  1862 | D:3      | 1862 ||| Stepping ~*~*~tactically~*~*~ (retreating).
  1863 | D:3      | 1863 ||| Stepping ~*~*~tactically~*~*~ (retreating).
  1864 | D:3      | 1864 ||| Stepping ~*~*~tactically~*~*~ (retreating).
  1864 | D:3      | HP: 5/28 [gnoll/+0 halberd (7)]
  1865 | D:3      | 1865 ||| Stepping ~*~*~tactically~*~*~ (retreating).
  1866 | D:3      | 1866 ||| Stepping ~*~*~tactically~*~*~ (retreating).
  1866 | D:3      | HP: 2/28 [gnoll/+0 halberd (4)]
  1866 | D:3      | Slain by a gnoll

Levels and vault maps discovered:
D:1:      dpeg_arrival_ratfight, layout_basic
D:2:      layout_basic, serial_shops, nicolae_diamond_shop
D:3:      layout_rooms, ebering_ghost_sewer_f, st_stairs_1

Skill      XL: |  1  2  3  4 |
---------------+-------------+-----
Ranged Weapons | 5 |  5.2
Fighting       | 3 |  3.0
Armour         | 1 |  1.3
Dodging        | |  1.5
Stealth        | |  1.1

Action                     |  1- 3 |  4- 6 || total
---------------------------+-------+-------++-------
   Fire: Shortbow          |    99 |    25 ||   124
    Use: Scroll            |     6 |       ||     6
         Potion            |     1 |       ||     1
 Armour: Leather armour    |    13 |       ||    13
         Ring mail         |       |    11 ||    11
  Dodge: Dodged            |    16 |    19 ||    35

Table legend:
 A = Non-vault XP
 B = Vault XP
 C = Vault XP percentage of total XP
 D = Non-vault monster count
 E = Vault monster count
 F = Vault count percentage of total count
                 A         B        C        D         E       F
            +---------+---------+-------+---------+---------+-------
      Total |     116 |       5 |   4.1 |      35 |       5 |  12.5
            +---------+---------+-------+---------+---------+-------
        D:1 |      24 |       5 |  17.2 |      14 |       5 |  26.3
        D:2 |      51 |       0 |   0.0 |      13 |       0 |   0.0
        D:3 |      41 |       0 |   0.0 |       8 |       0 |   0.0
            +---------+---------+-------+---------+---------+-------
